Selects Italian Coastal Battlegroup
Construct Infanterie Kompanie
Construct Panzergrenadier Kompanie
Selects Designated Artillery Overwatch
Nebelwerfer 42 Rocket Launcher Team
Selects Artillery Officer
Designated Artillery Overwatch
Designated Artillery Overwatch
Construct Panzer Kompanie
Selects Obice da 210/22 Artillery Emplacement
Designated Artillery Overwatch
Designated Artillery Overwatch
Designated Artillery Overwatch
Designated Artillery Overwatch